Map: Torri del crepuscolo

Players

Jhyrachy

  • Race: Zerg Zerg
  • League: Gold

Rakija - Winner!

  • Race: Terran Terran

VOD

Have the link to the VOD?

Description

Time

  • Played on: May 6, 2016, 2:29 p.m.
  • Length: 6:52
Show
View Real Time Build Order
Export as new Build Order

Jhyrachy Zerg 

Build Orders: Hatch First 

Get SALT Encoding   

  12  0:01  Drone  
  13  0:08  Drone  
  14  0:17  Overlord  
  14  0:35  Drone x3  
  17  0:56  Drone  
  18  0:57  Hatchery  
  18  1:00  Extractor  
  18  1:02  Drone  
  17  1:16  Spawning Pool  
  17  1:18  Drone  
  17  1:27  Drone  
  17  1:30  Drone  
  19  1:40  Overlord  
  19  2:03  Queen  
  19  2:05  Metabolic Boost  
  19  2:06  Evolution Chamber  
  20  2:09  Zergling x4  
  20  2:14  Queen  
  24  2:18  Drone  
  25  2:37  Drone x2  
  27  2:38  Drone  
  27  2:39  Drone, Overlord  
  29  3:07  Extractor, Roach Warren, Drone x2  
  29  3:09  Drone  
  29  3:10  Drone x3  
  32  3:38  Zerg Missile Weapons Level 1  
  32  3:42  Extractor  
  32  3:43  Drone  
  32  3:44  Drone x6  
  38  4:05  Queen  
  40  4:14  Hatchery  
  39  4:17  Drone  
  39  4:20  Drone x3  
  39  4:21  Overlord  
  39  4:22  Overlord  
  43  4:42  Zergling x2  
  43  4:43  Zergling x18  
  53  4:48  Spore Crawler  
  52  4:54  Spore Crawler  
  51  5:23  Roach x4  
  59  5:42  Lair  
  59  5:46  Ravager x3  
  62  5:59  Overlord x2  
  59  6:36  Spore Crawler  
Show
View Real Time Build Order
Export as new Build Order

Rakija Terran - Winner!

Build Orders: Banshee Rush 

Get SALT Encoding   

  12  0:00  SCV  
  13  0:13  SCV  
  14  0:17  Supply Depot  
  14  0:25  SCV  
  15  0:39  SCV  
  15  0:40  Barracks  
  16  0:50  Refinery  
  16  0:51  SCV  
  17  1:01  Refinery  
  17  1:03  SCV  
  18  1:15  SCV  
  19  1:29  Marine, Supply Depot  
  20  1:33  Orbital Command  
  20  1:46  Factory  
  20  1:47  Marine  
  21  2:01  SCV  
  22  2:13  SCV  
  23  2:22  Marine  
  24  2:28  SCV  
  25  2:33  Starport  
  25  2:34  Factory Tech Lab  
  25  2:39  Marine  
  25  2:40  SCV  
  27  2:58  SCV  
  27  3:04  Starport  
  27  3:18  Marine  
  28  3:25  Supply Depot x2  
  28  3:26  Supply Depot  
  28  3:35  Banshee  
  28  3:36  Cloaking Field  
  28  3:41  Starport Tech Lab  
  31  3:46  Marine  
  32  4:03  Banshee  
  32  4:04  Marine  
  36  4:18  Banshee  
  36  4:22  Marine  
  40  4:26  Command Center  
  40  4:36  Command Center  
  40  4:39  Marine  
  41  4:46  Banshee  
  41  4:48  SCV  
  45  4:57  Marine  
  46  5:00  Banshee  
  49  5:13  Refinery  
  49  5:15  Marine  
  49  5:16  Refinery  
  50  5:29  Banshee  
  50  5:33  Marine  
  54  5:47  Banshee  
Tags
 
Add a new tag
Caveats
  • Supply blocks, unpowered buildings, or Contaminate may cause inaccurate times.
  • Supply counts are checked every 10 seconds.